 Dungeon Crawl Stone Soup version 0.30-a0-457-g4b7bca3bfa (webtiles) character file.

Game seed: 17295762815144340862

172 Raultor the Changer (level 5, -4/34 HPs)
             Began as an Octopode Transmuter on Dec 13, 2022.
             Slain by Grinder (5 damage)
             ... on level 3 of the Dungeon.
             The game lasted 00:05:45 (2052 turns).

Raultor the Changer (Octopode Transmuter)           Turns: 2052, Time: 00:05:47

Health: -4/34      AC:  1    Str:  9    XL:     5   Next: 52%
Magic:  6/8        EV: 13    Int: 18    God:
Gold:   100        SH:  0    Dex: 12    Spells: 1/8 levels left

rFire   . . .      SeeInvis .    l - +9 whip "Tampew" {vorpal, rElec rPois rC+}
rCold   + . .      Faith    .    (no shield)
rNeg    . . .      Spirit   .    (helmet restricted)
rPois   +          Reflect  .    (no amulet)
rElec   +          Harm     .    (no ring)
rCorr   .          Rampage  .    (no ring)
Will    .....                    (no ring)
Stlth   ++........               (no ring)
HPRegen 0.25/turn                (no ring)
MPRegen 0.11/turn                (no ring)
                                 (no ring)
                                 (no ring)

@: wereblooded
A: almost no armour, amphibious, 8 rings, camouflage 1, gelatinous body 1,
(nimble swimmer 1), tentacles
a: no special abilities


You were on level 3 of the Dungeon.
You visited 1 branch of the dungeon, and saw 3 of its levels.

You collected 100 gold pieces.


Innate Abilities, Weirdness & Mutations

You cannot wear most types of armour.
You are amphibious.
You can wear up to eight rings at the same time.
Your skin changes colour to match your surroundings (Stealth+).
Your rubbery body absorbs attacks. (AC +1, EV +1)
((You are camouflaged when in or above water. (Stealth+)))
You have tentacles for arms and can constrict up to eight enemies at once.


   Skills:
 + Level 2.2 Fighting
 - Level 2.0 Dodging
 + Level 3.6 Unarmed Combat
 - Level 2.0 Spellcasting
 * Level 3.6 Transmutations
 * Level 2.6 Ice Magic


You had one spell level left.
You knew the following spells:

 Your Spells              Type           Power      Damage    Failure   Level
b - Beastly Appendage     Tmut           28%        N/A       4%          1
c - Ice Form              Ice/Tmut       13%        N/A       45%         4
w - Wereblood             Tmut           14%        N/A       6%          2

Your spell library contained the following spells:

 Spells                   Type           Power      Damage    Failure   Level
 Cigotuvi's Dreadful Rot  Necr/Pois/Air  2%         N/A       26%         2
 Poisonous Vapours        Pois/Air       2%         N/A       26%         2
 Spider Form              Tmut/Pois      8%         N/A       26%         3
 Mephitic Cloud           Conj/Pois/Air  1%         N/A       47%         3
 Petrify                  Tmut/Erth      8%         N/A       65%         4
 Metabolic Englaciation   Hex/Ice        3%         N/A       96%         5
 Statue Form              Tmut/Erth      5%         N/A       100%        6

Inventory:

Hand Weapons
 l - the +9 whip "Tampew" (weapon) {vorpal, rElec rPois rC+}
   (You found it on level 3 of the Dungeon)

   It inflicts extra damage upon your enemies.
   rC:        It protects you from cold.
   rElec:     It insulates you from electricity.
   rPois:     It protects you from poison.
Jewellery
 k - an amulet of magic regeneration
Scrolls
 b - a scroll of amnesia {unknown}
 c - 6 scrolls of identify {unknown}
 d - a scroll of vulnerability {unknown}
 e - a scroll of immolation {unknown}
 f - a scroll of fog {unknown}
 h - a scroll of teleportation {unknown}
 i - a scroll of noise {unknown}
Potions
 a - 2 potions of lignification
 g - a potion of brilliance {unknown}
 j - a potion of curing {unknown}

Dungeon Overview and Level Annotations

Branches:
Dungeon (3/15)

Altars:
Ashenzari
Elyvilon
Okawaru

Annotations:
D:3 Grinder

#................
###.......#########
#...▒▒▒▒..#
#.#▒▒..▒▒.# #.#
....▒## #.▒▒.⌠.⚑▒
###### #.▒.....▒
#..... #.▒....▒
#...>. #.@5..8▒
#..... ##▒....▒
#..... .....▒
#..... ▒.⌠.⚑▒
#..... ....▒ ######
▒..▒▒ ▒▒▒


You could see Grinder.


Message History

You closely miss the kobold. Your grab misses the kobold.
The kobold hits you with a +0 short sword.
You hit the kobold.
You feel a bit better.
You kill the kobold!
Grinder gestures at you. Pain shoots through your body!
You whack the quokka!
You feel a bit better.
You kill the quokka!
There is an open door here.
Things that are here:
a +0 short sword; a quokka corpse; a kobold corpse You barely miss Grinder.
Your grab misses Grinder.
You howl as the wereblood boils in your veins!
Grinder hits you!
* * * LOW HITPOINT WARNING * * *
You writhe in agony.
* * * LOW HITPOINT WARNING * * *
You hit Grinder. Your grab misses Grinder.
Grinder is lightly wounded.
You howl as the wereblood boils in your veins!
Grinder gestures at you. You resist with significant effort.
Unknown command.
You hit Grinder. Your grab misses Grinder. Your squeeze misses Grinder.
Grinder is moderately wounded.
You howl as the wereblood boils in your veins!
Grinder hits you!
* * * LOW HITPOINT WARNING * * *
You writhe in agony.
You die...

Skill      XL: |  1  2  3  4 |
---------------+-------------+-----
Ice Magic      | 1 2 |  2.6
Transmutations | 3 |  3.6
Fighting       | 2 |  2.2
Dodging        | |  2.0
Unarmed Combat | |  3.6
Spellcasting   | |  2.0

Action                   |  1- 3 |  4- 6 || total
-------------------------+-------+-------++-------
Melee: Unarmed           |    97 |    34 ||   131
       Kick              |    13 |     5 ||    18
       Constrict         |    26 |     4 ||    30
       Tentacles         |    15 |     5 ||    20
       Punch             |     1 |     2 ||     3
       Whip              |       |    10 ||    10
 Cast: Beastly Appendage |     6 |     2 ||     8
       Ice Form          |       |     1 ||     1
       Wereblood         |       |     1 ||     1
 Stab: Sleeping          |     3 |     2 ||     5
       Distracted        |     1 |       ||     1
Armor: Skin              |    17 |     1 ||    18
Dodge: Dodged            |    67 |    24 ||    91

Levels and vault maps discovered:
D:1:      grunt_arrival_lava_bath, layout_rooms
D:2:      layout_basic, hellmonk_ecumenical_altar_crossroads, minmay_surrounded
D:3:      layout_basic, lemuel_round_altar, gammafunk_temple_overflow_pools,
          uniq_grinder

Notes
Turn   | Place    | Note
-------+----------+-------------------------------------------
     0 | D:1      | Raultor the Octopode Transmuter began the quest for the
                  | Orb.
     0 | D:1      | Reached XP level 1. HP: 13/13 MP: 3/3
    83 | D:1      | Reached XP level 2. HP: 15/18 MP: 5/5
   145 | D:1      | Reached skill level 1 in Ice Magic
   279 | D:1      | Reached XP level 3. HP: 21/23 MP: 6/6
   663 | D:2      | Found a faded altar of an unknown god.
  1035 | D:2      | Reached XP level 4. HP: 27/29 MP: 7/7
  1038 | D:2      | Learned a level 2 spell: Wereblood
  1043 | D:2      | Learned a level 4 spell: Ice Form
  1349 | D:3      | Reached skill level 3 in Transmutations
  1541 | D:3      | Noticed an ogre
  1558 | D:3      | Killed an ogre
  1559 | D:3      | Reached skill level 2 in Fighting
  1559 | D:3      | Reached skill level 2 in Ice Magic
  1559 | D:3      | Reached XP level 5. HP: 34/34 MP: 0/8
  1951 | D:3      | Found an iron altar of Okawaru.
  1957 | D:3      | Identified the +9 whip "Tampew" {vorpal, rElec rPois rC+}
  2042 | D:3      | Found a broken altar of Ashenzari.
  2043 | D:3      | Found a white marble altar of Elyvilon.
  2043 | D:3      | Noticed Grinder
  2052 | D:3      | HP: 1/34 [Grinder (7)]
  2052 | D:3      | Slain by Grinder

Vanquished Creatures
  An ogre (D:3)
  2 adders
  A worm (D:3)
  2 dart slugs
  An orc (D:3)
  6 endoplasms
  A giant cockroach (D:1)
  6 goblins
  5 hobgoblins
  3 jackals (D:2)
  5 quokkas
  5 ball pythons
  8 bats
  A frilled lizard (D:1)
  6 kobolds
  8 rats
61 creatures vanquished.

Table legend: (Time is in decaauts)
 A = Elapsed time spent in this place.
 B = Non-inter-level travel time spent in this place.
 C = Inter-level travel time spent in this place.
 D = Time resting spent in this place.
 E = Time spent auto-exploring this place.
 F = Levels seen in this place.
 G = Mean time per level.
                   A        B        C        D        E       F      G
               +--------+--------+--------+--------+--------+-----+--------+
         Total |   2044 |   1986 |     58 |      0 |   1536 |   3 |  681.3 |
       Dungeon |   2044 |   1986 |     58 |      0 |   1536 |   3 |  681.3 |
               +--------+--------+--------+--------+--------+-----+--------+

Top non-repeatable levels by time:
     D:3: 747 daAuts
     D:2: 718 daAuts
     D:1: 579 daAuts

Table legend:
 A = Non-vault XP
 B = Vault XP
 C = Vault XP percentage of total XP
 D = Non-vault monster count
 E = Vault monster count
 F = Vault count percentage of total count
                 A         B        C        D         E       F
            +---------+---------+-------+---------+---------+-------
      Total |     239 |       7 |   2.8 |      57 |       4 |   6.6
            +---------+---------+-------+---------+---------+-------
        D:1 |      41 |       0 |   0.0 |      24 |       0 |   0.0
        D:2 |      37 |       7 |  15.9 |      15 |       4 |  21.1
        D:3 |     161 |       0 |   0.0 |      18 |       0 |   0.0
            +---------+---------+-------+---------+---------+-------
